 Dungeon Crawl Stone Soup version 0.30-a0-586-g23e55c9e0a (webtiles) character file.

Game seed: 12590638798427181826

2963 pokeman the Thaumaturge (level 9, -2/42 (48) HPs)
             Began as a Deep Elf Hedge Wizard on Jan 4, 2023.
             Was a Follower of Vehumet.
             Slain by a wight
             ... wielding a +4 trident of freezing
              (4 damage)
             ... on level 8 of the Dungeon.
             The game lasted 00:16:00 (9910 turns).

pokeman the Thaumaturge (Deep Elf Hedge Wizard)     Turns: 9910, Time: 00:16:01

HP:   -2/42 (48)    AC: 10    Str:  7    XL:     9   Next: 52%
MP:   23/26         EV: 12    Int: 24    God:    Vehumet [*.....]
Gold: 244           SH:  0    Dex: 14    Spells: 22/30 levels left

rFire   . . .      SeeInvis .    b - +2 quarterstaff (chaos)
rCold   . . .      Faith    .    (shield currently unavailable)
rNeg    + . .      Spirit   .    J - +0 leather armour {rN+}
rPois   .          Reflect  .    m - +2 helmet
rElec   .          Harm     .    K - +0 cloak
rCorr   +          Rampage  .    v - +0 pair of gloves
Will    +....                    B - +0 pair of boots
Stlth   ++                       (no amulet)
HPRegen 0.27/turn                j - ring of willpower
MPRegen 0.20/turn                y - ring of resist corrosion

@: heavily drained
A: no striking features
a: Renounce Religion


You were on level 8 of the Dungeon.
You worshipped Vehumet.
Vehumet was aware of your devotion.
You visited 2 branches of the dungeon, and saw 9 of its levels.
You also visited: Sewer.

You collected 374 gold pieces.
You spent 130 gold pieces at shops.

Inventory:

Hand Weapons
 b - a +2 quarterstaff of chaos (weapon)
Armour
 m - a +2 helmet (worn)
 v - a +0 pair of gloves (worn)
 B - a +0 pair of boots (worn)
 J - a +0 leather armour of positive energy (worn)
 K - a +0 cloak (worn)
Magical Staves
 E - a staff of cold
 I - a staff of poison
Jewellery
 e - a ring of fire
 j - a ring of willpower (left hand)
 k - an amulet of faith
 y - a ring of resist corrosion (right hand)
Wands
 w - a wand of quicksilver (6)
Scrolls
 a - 3 scrolls of fog {unknown}
 c - 9 scrolls of identify
 g - 3 scrolls of teleportation {unknown}
 h - 3 scrolls of magic mapping {unknown}
 i - a scroll of immolation {unknown}
 n - 2 scrolls of torment {unknown}
 p - 3 scrolls of enchant weapon {unknown}
 t - 2 scrolls of noise {unknown}
 A - a scroll of poison {unknown}
 C - 2 scrolls of enchant armour {unknown}
 D - 4 scrolls of blinking {unknown}
 F - a scroll of silence {unknown}
Potions
 d - 2 potions of magic
 f - 2 potions of mutation {unknown}
 l - a potion of lignification {unknown}
 o - 3 potions of curing
 q - a potion of experience {unknown}
 r - a potion of heal wounds
 s - 3 potions of invisibility {unknown}
 x - 3 potions of ambrosia {unknown}
 z - 3 potions of brilliance {unknown}
 G - a potion of flight {unknown}
 H - a potion of attraction {unknown}


   Skills:
 - Level 2.0 Fighting
 + Level 3.6 Armour
 - Level 3.0 Dodging
 - Level 3.0 Stealth
 * Level 11.1 Spellcasting
 + Level 7.6 Conjurations
 + Level 4.6 Summonings
 - Level 1.1 Translocations
 - Level 2.0 Ice Magic
 - Level 1.0 Air Magic
 - Level 1.1 Poison Magic
 - Level 2.1 Evocations


You had 22 spell levels left.
You knew the following spells:

 Your Spells              Type           Power      Damage    Failure   Level
a - Magic Dart            Conj           100%       1d8       1%          1
b - Mephitic Cloud        Conj/Pois/Air  29%        N/A       5%          3
c - Call Imp              Summ           35%        N/A       1%          2
d - Blink                 Tloc           36%        N/A       7%          2

Your spell library contained the following spells:

 Spells                   Type           Power      Damage    Failure   Level
 Freeze                   Ice            92%        1d9       3%          1
 Apportation              Tloc           36%        N/A       4%          1
 Slow                     Hex            52%        N/A       7%          1
 Cigotuvi's Dreadful Rot  Necr/Pois/Air  32%        N/A       8%          2
 Alistair's Intoxication  Tmut/Pois      10%        N/A       83%         5


Dungeon Overview and Level Annotations

Branches:
Dungeon (8/15)             Temple (1/1) D:6           Sewer (visited)
   Lair: D:8-11

Altars:
Ashenzari
Cheibriados
Dithmenos
Elyvilon
Fedhas
Hepliaklqana
Makhleb
Okawaru
Qazlal
Sif Muna
Trog
Uskayaw
Vehumet
Wu Jian
Xom
Yredelemnul
Zin
The Shining One

Shops:
D:7 **

Annotations:
D:7 2 transporters, Cecillian's ghost, novice FoHu


Message History

You can't see any susceptible monsters within range! (Use Z to cast anyway.)
Casting: Magic Dart (safe; 1% risk of failure)
Confirm with . or Enter, or press ? or * to list all spells.
Aiming: Magic Dart (safe; 1% risk of failure)
Press: ? - help, Shift-Dir - straight line, f/p - wight
Aim: a wight, wielding a +4 morningstar and wearing a +0 robe (100% to hit)
The magic dart hits the wight but does no damage.
The wight hits you but does no damage.
Casting: Magic Dart (safe; 1% risk of failure)
Confirm with . or Enter, or press ? or * to list all spells.
A beastly little devil appears in a puff of flame.
The wight hits you with a +4 morningstar.
You partially resist.
You feel drained.
You barely miss the wight.
The wight hits you with a +4 morningstar.
You partially resist.
You feel drained.
Unknown command.
You closely miss the wight. The wight misses you.
Your crimson imp barely misses the wight.
The wight hits you with a +4 morningstar!
You hit the wight.
The wight is lightly damaged.
Your crimson imp hits the wight but does no damage.
The wight hits you with a +4 morningstar!
You partially resist.
You feel drained.
You sock the wight! You burn the wight.
The wight is almost destroyed.
Your crimson imp closely misses the wight.
The wight hits you from afar with a +4 trident of freezing!
You partially resist.
You feel drained. The wight freezes you.
* * * LOW HITPOINT WARNING * * *
The wight hits you with a +4 morningstar.
* * * LOW HITPOINT WARNING * * *
You partially resist.
You feel drained.
Your crimson imp hits the wight but does no damage.
Unknown command.
The wight hits you from afar with a +4 trident of freezing!
* * * LOW HITPOINT WARNING * * *
The wight freezes you.
You die...

######
#######....#
.......@5#
.#.#####z#
.z# #...
#.### z. .#
..


You could see 2 wights and a friendly crimson imp (summoned).

Vanquished Creatures
  A hornet (D:7)
  Sigmund (D:2)
  Menkaure (D:7)
  A water moccasin (D:5)
  Duvessa (D:7)
  3 sky beasts
  An ice beast (D:6)
  An ogre (D:4)
  2 phantoms
  2 bullfrogs
  2 scorpions
  2 water moccasin zombies (D:5)
  Dowan (D:7)
  A water moccasin skeleton (D:5)
  4 howler monkeys
  8 hounds
  Crazy Yiuf (D:7)
  3 orc priests (D:8)
  6 jellies
  A bullfrog skeleton (D:5)
  A centaur skeleton (D:5)
  A gnoll bouda (D:7)
  Jessica (D:3)
  3 orc wizards
  A killer bee zombie (D:5)
  A hound zombie (D:5)
  A howler monkey zombie (D:5)
  Robin (D:2)
  3 gnolls (D:7)
  10 adders
  A shadow imp (D:6)
  2 white imps (D:6)
  3 dart slugs
  9 orcs
  11 ball pythons
  11 endoplasms
  8 giant cockroaches
  13 goblins
  13 hobgoblins
  3 jackals (D:1)
  14 kobolds
  14 quokkas
  10 bats
  10 frilled lizards
  7 rats
195 creatures vanquished.

Vanquished Creatures (collateral kills)
  A hobgoblin (D:2)
  2 goblins (D:2)
3 creatures vanquished.

Vanquished Creatures (others)
  A sky beast (D:7)
  3 plants (D:1)
4 creatures vanquished.

Grand Total: 202 creatures vanquished

Notes
Turn   | Place    | Note
-------+----------+-------------------------------------------
     0 | D:1      | pokeman the Deep Elf Hedge Wizard began the quest for the
                  | Orb.
     0 | D:1      | Reached XP level 1. HP: 10/10 MP: 7/7
   289 | D:1      | Reached XP level 2. HP: 10/15 MP: 3/9
   802 | D:1      | Reached skill level 5 in Spellcasting
  1020 | D:1      | Found a faded altar of an unknown god.
  1102 | D:1      | Reached XP level 3. HP: 20/20 MP: 8/11
  1106 | D:1      | Learned a level 3 spell: Mephitic Cloud
  1109 | D:1      | Learned a level 2 spell: Call Imp
  1112 | D:1      | Learned a level 2 spell: Blink
  1533 | D:2      | Reached skill level 1 in Fighting
  1533 | D:2      | Reached skill level 1 in Armour
  1600 | D:2      | Noticed Robin
  1766 | D:2      | Killed Robin
  1767 | D:2      | Reached XP level 4. HP: 25/25 MP: 2/13
  2222 | D:2      | Noticed Sigmund
  2664 | D:2      | Killed Sigmund
  2665 | D:2      | Reached skill level 5 in Conjurations
  2665 | D:2      | Reached XP level 5. HP: 25/29 MP: 6/15
  2842 | D:3      | Found a glowing drain.
  2943 | Sewer    | Entered a sewer
  3026 | Sewer    | Reached XP level 6. HP: 34/34 MP: 13/16
  3257 | Sewer    | Reached skill level 6 in Spellcasting
  3358 | Sewer    | Found a viscous altar of Jiyva.
  3744 | D:3      | Found a snail-covered altar of Cheibriados.
  3837 | D:3      | Noticed Jessica
  3842 | D:3      | Killed Jessica
  4225 | D:3      | Reached skill level 1 in Poison Magic
  4229 | D:3      | Reached XP level 7. HP: 16/38 MP: 8/19
  4577 | D:4      | Reached skill level 1 in Air Magic
  4687 | D:4      | Reached skill level 7 in Spellcasting
  4831 | D:4      | Reached skill level 1 in Evocations
  5324 | D:5      | Entered Level 5 of the Dungeon
  5669 | D:5      | Reached skill level 8 in Spellcasting
  5765 | D:5      | Reached XP level 8. HP: 41/44 MP: 14/22
  6772 | D:6      | Reached skill level 9 in Spellcasting
  7022 | D:6      | Reached skill level 1 in Ice Magic
  7420 | D:6      | Found a staircase to the Ecumenical Temple.
  7451 | Temple   | Entered the Ecumenical Temple
  7627 | Temple   | Became a worshipper of Vehumet
  7777 | D:7      | Noticed Dowan
  7786 | D:7      | Noticed a hornet
  7945 | D:7      | Found a transporter.
  7965 | D:7      | You fall into a shaft and drop 1 floor!
  8048 | D:7      | Noticed Duvessa
  8070 | D:8      | Reached skill level 10 in Spellcasting
  8070 | D:8      | Reached XP level 9. HP: 12/48 MP: 2/25
  8271 | D:7      | Killed Dowan
  8278 | D:7      | Killed Duvessa
  8903 | D:7      | Found a transporter.
  9016 | D:7      | Found Hamiqeq's General Store.
  9019 | D:7      | Found Deqyamn's Specific Store.
  9027 | D:7      | Bought 2 potions of curing for 78 gold pieces
  9027 | D:7      | Bought a scroll of identify for 26 gold pieces
  9027 | D:7      | Bought a scroll of identify for 26 gold pieces
  9091 | D:7      | Reached * piety under Vehumet
  9091 | D:7      | Offered knowledge of Freeze by Vehumet.
  9092 | D:7      | Reached skill level 11 in Spellcasting
  9180 | D:7      | Noticed Menkaure
  9190 | D:7      | Killed Menkaure
  9317 | D:7      | Found a runed translucent door.
  9318 | D:7      | Noticed Crazy Yiuf
  9614 | D:7      | Noticed Cecillian's ghost (novice FoHu)
  9791 | D:7      | Killed Crazy Yiuf
  9910 | D:8      | HP: 2/42 [wight/+4 trident of freezing (9)]
  9910 | D:8      | Slain by a wight

Illustrated notes

Levels and vault maps discovered:
D:1:      minmay_arrival_plants_in_alcoves, layout_loops_ring,
          chequers_ecumenical_altar_island, amcnicky_mini_corridor_feature
D:2:      layout_basic, uniq_robin, uniq_sigmund
D:3:      kennysheep_big_flooded_room, layout_basic, kennysheep_slug_shrine,
          portal_sewer_entry_f, st_stairs_7, nicolae_kite_square_tiling_tiny,
          minmay_starry_boxes, uniq_jessica
D:4:      layout_loops_cross
D:5:      layout_loops_ring, serial_undead, serial_undead_e, serial_undead_c,
          serial_undead_d, serial_undead_e, serial_undead_e
D:6:      kb_forest_paths, layout_rooms, temple_fountains
D:7:      layout_loops_ring, nzn_ghost_randoct, nicolae_specific_store,
          uniq_duvessa, uniq_menkaure, uniq_crazy_yiuf_cottage
D:8:      layout_basic
Temple:   minmay_temple_bridge_d

Skill      XL: |  1  2  3  4  5  6  7  8  9 |
---------------+----------------------------+-----
Spellcasting   | 5 6 8 10 11 | 11.1
Conjurations   | 2 5 6 7 |  7.6
Fighting       | 1 2 |  2.0
Armour         | 1 2 3 |  3.6
Dodging        | 3 |  3.0
Stealth        | 3 |  3.0
Poison Magic   | 1 |  1.1
Air Magic      | 1 |  1.0
Evocations     | 2 |  2.1
Summonings     | 3 4 |  4.6
Ice Magic      | 2 |  2.0
Translocations | |  1.1

Action                   |  1- 3 |  4- 6 |  7- 9 || total
-------------------------+-------+-------+-------++-------
Melee: Dagger            |    40 |    13 |       ||    53
       Long sword        |       |       |    33 ||    33
       Quarterstaff      |       |       |     4 ||     4
 Cast: Magic Dart        |   112 |   145 |   425 ||   682
       Call Imp          |     2 |     2 |     7 ||    11
       Mephitic Cloud    |       |     2 |    22 ||    24
 Stab: Confused          |       |     2 |     5 ||     7
Armor: Robe              |    21 |     6 |    65 ||    92
       Leather armour    |       |       |     2 ||     2
Dodge: Dodged            |    72 |    14 |   110 ||   196

Table legend: (Time is in decaauts)
 A = Elapsed time spent in this place.
 B = Non-inter-level travel time spent in this place.
 C = Inter-level travel time spent in this place.
 D = Time resting spent in this place.
 E = Time spent auto-exploring this place.
 F = Levels seen in this place.
 G = Mean time per level.
                   A        B        C        D        E       F      G
               +--------+--------+--------+--------+--------+-----+--------+
         Total |   9971 |   9707 |    264 |   1011 |   7182 |  10 |  997.1 |
       Dungeon |   9217 |   9053 |    164 |   1011 |   6629 |   8 | 1152.1 |
        Temple |    247 |    147 |    100 |      0 |    141 |   1 |  247.0 |
         Sewer |    505 |    505 |      0 |      0 |    411 |   1 |  505.0 |
               +--------+--------+--------+--------+--------+-----+--------+

Top non-repeatable levels by time:
     D:2: 1542 daAuts
     D:7: 1308 daAuts
     D:1: 1254 daAuts
     D:6: 1250 daAuts
     D:3: 1139 daAuts
     D:5: 1051 daAuts
     D:4: 927 daAuts
     D:8: 742 daAuts
   Sewer: 505 daAuts
  Temple: 247 daAuts
